 Dungeon Crawl Stone Soup version 0.23-a0-539-g3f6f39f (webtiles) character file.

300978 Lavandula the Stormcaller (level 21, -11/210 HPs)
             Began as a Halfling Enchanter on Dec 3, 2018.
             Was the Champion of Vehumet.
             Killed from afar by a battlesphere (14 damage)
             ... created by a tengu reaver
             ... on level 5 of the Vaults on Dec 7, 2018.
             The game lasted 04:11:10 (30916 turns).

Lavandula the Stormcaller (Halfling Enchanter)     Turns: 30916, Time: 04:11:11

Health: -11/210    AC: 16    Str: 18    XL:     21   Next: 94%
Magic:  3/39       EV: 33    Int: 18    God:    Vehumet [******]
Gold:   334        SH:  7    Dex: 23    Spells: 1/48 levels left

rFire    + . .     SeeInvis .   X - +7 Spriggan's Knife {stab, EV+4 Stlth+}
rCold    + . .     Gourm    .   d - +0 buckler
rNeg     . . .     Faith    .   O - +2 troll leather armour
rPois    .         Spirit   .   q - +2 hat
rElec    +         Reflect  .   D - +2 cloak {MR+}
rCorr    .         Harm     .   v - +0 pair of gloves (curse)
MR       ++...                  a - +2 pair of boots
Stlth    ..........             Z - amulet of regeneration
HPRegen  2.25/turn              T - +3 ring of evasion
MPRegen  0.26/turn              f - ring "Wojaych" {rElec rF+ rC+ Str+4 Dex+3}

@: berserking, regenerating (expiring), studying 2 skills, deflect missiles,
very quick
A: small, thin skeletal structure 1, dopey 1, mutation resistance 1
}: 2/15 runes: barnacled, gossamer
a: Renounce Religion


You were on level 5 of the Vaults.
You worshipped Vehumet.
Vehumet was exalted by your worship.
You were very hungry.

You visited 7 branches of the dungeon, and saw 37 of its levels.
You also visited: Sewer, Ossuary, Bailey, Ice Cave, Volcano, Wizlab and Desolation.

You collected 3048 gold pieces.
You spent 2714 gold pieces at shops.

Inventory:

Hand Weapons
 b - the +8 spear of Embarrassment {protect, *Rage rC+ MR+}
   (You found it on level 5 of the Dungeon)

   It protects the one who uses it against injury (+AC on strike).
   It protects you from cold.
   It affects your resistance to hostile enchantments.
   It may make you go berserk in combat.
 E - a +9 quick blade of protection
 X - the +7 Spriggan's Knife (weapon) {stab, EV+4 Stlth+}
   (You bought it in a shop on level 2 of the Orcish Mines)

   It affects your evasion (+4).
   It makes you more stealthy.
Missiles
 u - 7 throwing nets
 F - 6 poisoned tomahawks (quivered)
Armour
 a - a +2 pair of boots (worn)
 d - a +0 buckler (worn)
 h - a +1 robe of the Archmagi
 i - a +2 robe of resistance
 q - a +2 hat (worn)
 v - a cursed +0 pair of gloves (worn)
 D - a +2 cloak of magic resistance (worn)
 O - a +2 troll leather armour (worn)
Magical Staves
 G - an uncursed staff of energy
Jewellery
 f - the ring "Wojaych" (right hand) {rElec rF+ rC+ Str+4 Dex+3}
   (You found it in the Desolation of Salt)

   [ring of protection from cold]

   It affects your strength (+4).
   It affects your dexterity (+3).
   It protects you from fire.
   It protects you from cold.
   It insulates you from electricity.
 y - the ring "Nenucar" {Ice Str+4 Dex+2}
   (You found it on level 6 of the Lair of Beasts)

   [ring of ice]

   It enhances your ice magic.
   It affects your strength (+4).
   It affects your dexterity (+2).
   It makes you vulnerable to fire.
   It protects you from cold.
 z - an uncursed ring of positive energy
 T - a +3 ring of evasion (left hand)
 Z - an amulet of regeneration (around neck)
Wands
 r - a wand of flame (27)
 P - a wand of iceblast (2)
 U - a wand of enslavement (11)
Scrolls
 c - 6 scrolls of immolation
 e - 12 scrolls of remove curse
 g - 2 scrolls of amnesia
 B - 5 scrolls of identify
 I - a scroll of blinking
 K - 2 scrolls of teleportation
 Q - 2 scrolls of enchant weapon
 W - a scroll of silence
Potions
 j - a potion of brilliance
 l - 2 potions of heal wounds
 m - 6 potions of cancellation
 n - a potion of resistance
 o - 2 potions of curing
 p - 9 potions of might
 w - 3 potions of magic
 x - a potion of berserk rage
 C - 4 potions of agility
 H - a potion of mutation
 J - 2 potions of ambrosia
 R - 3 potions of lignification
 V - 3 potions of haste
Books
 k - a manual of Dodging
 M - a manual of Throwing
Miscellaneous
 t - a lamp of fire (inert)
 A - a fan of gales (inert)
 N - a phial of floods (inert)
 S - a lightning rod (4/4)
Comestibles
 s - 25 rations
 L - 8 chunks of flesh


   Skills:
 - Level 11.2 Fighting
 - Level 10.0 Short Blades
 - Level 0.1 Polearms
 - Level 11.0 Throwing
 - Level 3.5 Armour
 - Level 12.2 Dodging
 - Level 8.2 Stealth
 - Level 5.6 Shields
 - Level 14.0 Spellcasting
 - Level 6.0 Conjurations
 - Level 2.8 Hexes
 - Level 4.3 Charms
 - Level 4.0 Summonings
 - Level 4.3 Necromancy
 - Level 6.2 Ice Magic
 + Level 20.6 Air Magic
   Level 6.1 Earth Magic
 - Level 5.1 Evocations


You had one spell level left.
You knew the following spells:

 Your Spells              Type           Power        Failure   Level  Hunger
a - Freezing Cloud        Conj/Ice/Air   ######....   3%          6    #####..
b - Tornado               Air            ######....   32%         9    #######
c - Dazzling Spray        Conj/Hex       ####..       1%          3    None
d - Deflect Missiles      Chrm/Air       ######....   5%          6    #####..
e - Irradiate             Conj/Tmut      ###.......   13%         5    ####...
f - Ozocubu's Armour      Chrm/Ice       ####....     2%          3    None
h - Summon Ice Beast      Ice/Summ       ####....     8%          4    None
i - Regeneration          Chrm/Necr      ####......   3%          3    None
j - Vampiric Draining     Necr           ####......   3%          3    None
k - Animate Dead          Necr           N/A          11%         4    None
l - Animate Skeleton      Necr           N/A          1%          1    None

Your spell library contained the following spells:

 Spells                   Type           Power        Failure   Level  Hunger
 Glaciate                 Conj/Ice       ####......   100%        9    #######
 Shatter                  Erth           ####......   100%        9    #######
 Corona                   Hex            ###....      1%          1    None
 Flame Tongue             Conj/Fire      ###..        1%          1    None
 Freeze                   Ice            ####         1%          1    None
 Magic Dart               Conj           ####         1%          1    None
 Pain                     Necr           ####         1%          1    None
 Sandblast                Erth           ####..       1%          1    None
 Shock                    Conj/Air       ####         1%          1    None
 Corpse Rot               Necr           N/A          1%          2    None
 Ensorcelled Hibernation  Hex/Ice        ####..       1%          2    None
 Searing Ray              Conj           ####..       1%          2    None
 Sublimation of Blood     Necr           ####......   1%          2    None
 Throw Flame              Conj/Fire      ###...       1%          2    None
 Throw Frost              Conj/Ice       ####..       1%          2    None
 Conjure Flame            Conj/Fire      ###.....     1%          3    None
 Stone Arrow              Conj/Erth      ####..       1%          3    None
 Iskenderun's Mystic Bla  Conj           ####....     1%          4    None
 Summon Lightning Spire   Summ/Air       ######..     1%          4    None
 Throw Icicle             Conj/Ice       ####....     1%          4    None
 Silence                  Hex/Air        ######....   1%          5    ####...
 Conjure Ball Lightning   Conj/Air       ######....   1%          6    #####..
 Passwall                 Tmut/Erth      ###.....     2%          2    None
 Fulminant Prism          Conj/Hex       ####......   2%          4    None
 Inner Flame              Hex/Fire       ###.....     3%          3    None
 Lee's Rapid Deconstruct  Erth           ####......   4%          5    ####...
 Ignite Poison            Fire/Tmut/Pois ##......     5%          3    None
 Force Lance              Conj/Tloc      ###.....     5%          4    None
 Sticky Flame             Conj/Fire      ###.....     5%          4    None
 Bolt of Draining         Conj/Necr      ####......   5%          5    ####...
 Iskenderun's Battlesphe  Conj/Chrm      ####....     5%          5    ####...
 Confuse                  Hex            ###.....     6%          3    None
 Tukima's Dance           Hex            ###.....     6%          3    None
 Leda's Liquefaction      Hex/Erth       ####......   10%         4    None
 Fireball                 Conj/Fire      ###.......   13%         5    ####...
 Venom Bolt               Conj/Pois      ###.......   13%         5    ####...
 Olgreb's Toxic Radiance  Pois           ##......     16%         4    None
 Petrify                  Tmut/Erth      ###.....     17%         4    None
 Spider Form              Tmut/Pois      ##........   19%         3    None
 Bolt of Cold             Conj/Ice       ####......   21%         6    #####..
 Agony                    Necr           ####....     28%         5    ####...
 Dispel Undead            Necr           ####....     28%         5    ####...
 Excruciating Wounds      Chrm/Necr      ####......   28%         5    ####...
 Summon Forest            Summ/Tloc      ###.......   58%         5    ####...
 Death Channel            Necr           ####......   85%         6    #####..
 Alistair's Intoxication  Tmut/Pois      ##......     86%         5    ####...
 Hydra Form               Tmut           ##........   100%        6    #####..
 Summon Hydra             Summ           ####......   100%        7    #######


Dungeon Overview and Level Annotations

Branches:
Dungeon (15/15)            Temple (1/1) D:7            Lair (6/6) D:11
 Shoals (4/4) Lair:3       Spider (4/4) Lair:2        Slime (0/5) Lair:5
    Orc (2/2) D:11            Elf (0/3) Orc:2        Vaults (5/5) D:14
  Crypt (0/3) Vaults:2
 Depths: D:15

Altars:
Ashenzari
Cheibriados
Dithmenos
Elyvilon
Gozag
Hepliaklqana
Kikubaaqudgha
Makhleb
Nemelex Xobeh
Okawaru
Sif Muna
Trog
Uskayaw
Vehumet
Wu Jian
Xom
Yredelemnul
Beogh

Shops:
D:14 *   Orc:2 *([?(   Vaults:1 ?%

Annotations:
D:4 Edmund
D:10 3 runed doors, exclusion: downstairs, Patate's ghost, journeyman HOBe
Shoals:2 Polyphemus


Innate Abilities, Weirdness & Mutations

You are small and have problems with some larger weapons.
You are somewhat resistant to further mutation.
You have a somewhat thin skeletal structure. (Dex +2, Stealth)
You are dopey. (Int -2)


Message History

The battlesphere is engulfed in blazing flames.
The battlesphere fires!
The barrage of energy hits you!
* * * LOW HITPOINT WARNING * * *
You hit the titan.
The titan is severely wounded.
Unknown command.
You hit the titan.
The titan is severely wounded.
The titan casts a spell.
The titan is healed somewhat.
Unknown command.
You puncture the titan!
The titan is almost dead.
The tengu reaver gestures at you while chanting.
The bolt of acid hits you!
* * * LOW HITPOINT WARNING * * *
You are splashed with acid!
The acid burns!
* * * LOW HITPOINT WARNING * * *
The battlesphere fires!
The barrage of energy hits you!
You die...

#########################
.......((÷.(..C.*.).)...#
...........)(@)Q.§.§....#
####################)..(#
...........(.#
..........#Q.#
####......#.*#
##.....#.C# ##....#(.#
##...#..# ##..#..#


You could see a titan, a tengu reaver and a battlesphere.

Vanquished Creatures
  A golden dragon (Vaults:5)
  Arachne (Spider:4)
  A tentacled monstrosity (Vaults:5)
  A quicksilver dragon (Vaults:5)
  2 titans (Vaults:4)
  A lich (Vaults:5)
  3 sphinxes
  2 shadow dragons (Vaults:5)
  4 tengu reavers (Vaults:5)
  2 fire giants
  3 imperial myrmidons (Desolation)
  4 emperor scorpions
  2 ghost moths (Spider:4)
  6 vault wardens
  3 very ugly things (Vaults:5)
  7 stone giants
  7 ironheart preservers
  Nessos (Lair:4)
  5 entropy weavers
  A deep elf demonologist (Vaults:3)
  A halazid warlock (Desolation)
  A red draconian (Volcano)
  A spark wasp (Spider:3)
  9 purple draconians (WizLab)
  5 statues (WizLab)
  An ettin (Vaults:4)
  4 merfolk impalers
  A deep elf death mage (Vaults:3)
  2 crystal guardians (Desolation)
  A deep elf high priest (Vaults:5)
  4 merfolk javelineers
  5 ragged hierophants (Desolation)
  2 fire dragons
  6 yaktaur captains
  3 servants of whispers (Desolation)
  Harold (D:8)
  6 great orbs of eyes
  An ice dragon (Vaults:5)
  A rakshasa (Vaults:2)
  28 vault guards
  7 peacekeepers (Desolation)
  5 hydras
  Erica (Lair:2)
  4 centaur warriors
  A merfolk avatar (Shoals:4)
  A satyr (Shoals:4)
  17 two-headed ogres
  A dancing weapon (Vaults:5)
  2 death yaks (Shoals:1)
  2 merfolk aquamancers (Shoals:4)
  10 ogre magi
  4 orc high priests (Orc:2)
  2 deep elf knights
  Nergalle (Orc:1)
  4 skeletal warriors (Vaults:2)
  4 unseen horrors
  A deep troll (Vaults:5)
  12 sea snakes
  2 wizards
  A flayed ghost (Vaults:3)
  2 phantasmal warriors (Vaults:5)
  3 deep elf archers
  A lindwurm (Lair:6)
  12 orc knights
  8 ironbrand convokers
  An orange crystal statue (Vaults:4)
  2 necromancers
  6 harpies
  A harpy (shapeshifter) (Vaults:4)
  21 deep elf magi
  A wolf spider (shapeshifter) (Vaults:2)
  17 orb spiders
  12 ugly things
  19 wolf spiders
  3 fauns (Shoals:1)
  12 manticores
  3 cyclopes
  A manticore (shapeshifter) (D:14)
  5 moths of wrath
  5 centaur zombies
  3 merfolk sirens (Shoals:4)
  3 guardian serpents (Desolation)
  4 black mambas (Lair:6)
  4 torpor snails
  5 molten gargoyles
  2 water nymphs (Shoals:4)
  9 vault sentinels
  An ice statue (IceCv)
  A water nymph (shapeshifter) (Vaults:5)
  A storm dragon simulacrum (Vaults:3)
  14 spiny frogs
  9 komodo dragons
  4 freezing wraiths
  A yaktaur (shapeshifter) (Vaults:3)
  A rime drake (Lair:3)
  A rime drake (shapeshifter) (Vaults:1)
  13 yaktaurs
  4 demonic crawlers
  5 ice devils (IceCv)
  A redback zombie (D:13)
  A tengu conjurer (D:14)
  3 polar bears (Lair:1)
  22 merfolk
  43 jumping spiders
  3 trolls
  2 wind drakes (Shoals:4)
  Grinder (D:7)
  4 tyrant leeches
  A hornet (shapeshifter) (Vaults:2)
  10 hornets
  46 saltlings
  8 slime creatures
  10 blink frogs
  10 hippogriffs
  5 dream sheep (Lair:5)
  A frost giant simulacrum (Vaults:1)
  3 snapping turtles
  A shadow (D:14)
  75 redbacks
  9 wyverns
  29 tarantellas
  6 water elementals
  34 yaks
  A hog (shapeshifter) (Vaults:1)
  A fire bat (Volcano)
  A spriggan (shapeshifter) (Vaults:3)
  A wraith (D:12)
  A golden eye (shapeshifter) (Vaults:1)
  A basilisk (Lair:6)
  2 steam dragons (Lair:6)
  2 hungry ghosts
  Menkaure (D:5)
  2 wargs
  3 acid dragons
  8 water moccasins
  3 porcupines
  2 hell hounds (Lair:6)
  2 hornet zombies
  30 orc warriors
  2 black bears
  2 eyes of draining
  10 ice beasts
  A necrophage (D:11)
  4 sky beasts
  29 ogres
  3 boggarts (Vaults:1)
  23 wolves
  10 centaurs
  A centaur (shapeshifter) (Vaults:3)
  3 big kobolds
  13 crocodiles
  11 bullfrogs
  Blork the orc (D:5)
  4 earth elementals
  4 scorpions
  A howler monkey (D:11)
  An electric eel (Spider:3)
  4 lava snakes
  6 crimson imps
  4 centaur skeletons
  3 bullfrog zombies
  A jelly (D:12)
  2 bullfrog skeletons (D:11)
  29 orc priests
  16 orc wizards
  4 iguanas
  Terence (D:2)
  7 worker ants
  2 killer bee zombies
  A big kobold zombie (Ossuary)
  A hound skeleton (D:8)
  A howler monkey zombie (D:5)
  7 mummies (Ossuary)
  Robin (D:4)
  A worker ant zombie (D:10)
  12 gnolls (Bailey)
  A howler monkey skeleton (D:11)
  8 adders
  A river rat (Sewer)
  5 shadow imps
  2 oozes
  4 worms
  An adder skeleton (D:9)
  3 dart slugs
  6 leopard geckos
  68 orcs
  9 giant cockroaches
  2 gnoll zombies (Ossuary)
  20 goblins
  12 hobgoblins
  9 jackals
  35 kobolds
  4 quokkas
  2 ball pythons
  10 bats
  8 frilled lizards
  A hobgoblin zombie (Ossuary)
  2 kobold zombies (Ossuary)
  2 orc zombies (Ossuary)
  A quokka skeleton (D:3)
  10 rats
  3 crawling corpses (Vaults:5)
  A fungus (Lair:6)
1287 creatures vanquished.

Vanquished Creatures (collateral kills)
  An ettin (Vaults:5)
  A hydra (D:11)
  2 orc high priests (Orc:2)
  A spriggan (Lair:5)
  A deep elf knight (Vaults:5)
  A skeletal warrior (Vaults:2)
  A flayed ghost (Vaults:4)
  An ironbrand convoker (Vaults:5)
  An orc knight (Orc:2)
  2 orc sorcerers
  4 deep elf magi (WizLab)
  A faun (Shoals:1)
  An elephant (D:10)
  A merfolk siren (Shoals:4)
  A jumping spider (Spider:3)
  A wind drake (Shoals:3)
  A hornet (Lair:5)
  A saltling (Desolation)
  A redback (Spider:3)
  2 water elementals
  A hell hound (Lair:6)
  4 orc warriors
  A wolf (Lair:5)
  2 ogres
  An orc wizard (Orc:2)
  A gnoll (Bailey)
  9 orcs
  A hobgoblin (Bailey)
  A kobold (Bailey)
47 creatures vanquished.

Vanquished Creatures (others)
  A lich (Vaults:5)
  A tengu reaver (Vaults:5)
  A fire giant (Vaults:3)
  A deep elf mage (WizLab)
  A yaktaur (Volcano)
  A jumping spider (Spider:1)
  3 dancing weapons
  A boggart (Vaults:1)
  An orc wizard (D:11)
  3 fungi
  7 plants
21 creatures vanquished.

Grand Total: 1355 creatures vanquished

Notes
Turn   | Place    | Note
-------+----------+-------------------------------------------
     0 | D:1      | Lavandula the Halfling Enchanter began the quest for the
                  | Orb.
     0 | D:1      | Reached XP level 1. HP: 11/11 MP: 3/3
   140 | D:1      | Reached XP level 2. HP: 11/17 MP: 4/4
   369 | D:1      | Reached XP level 3. HP: 16/21 MP: 1/5
   373 | D:1      | Learned a level 2 spell: Ensorcelled Hibernation
   807 | D:2      | Noticed Terence
   933 | D:2      | Found an ornate altar of the Wu Jian Council.
  1017 | D:2      | Reached XP level 4. HP: 21/27 MP: 6/6
  1180 | D:2      | Killed Terence
  1207 | D:2      | Reached skill level 5 in Short Blades
  1397 | D:3      | Reached XP level 5. HP: 31/31 MP: 7/7
  1522 | D:3      | Found a glowing drain.
  1583 | Sewer    | Entered a sewer
  1635 | Sewer    | Noticed a big kobold
  1700 | Sewer    | Killed a big kobold
  1700 | Sewer    | Reached XP level 6. HP: 26/36 MP: 5/8
  1738 | Sewer    | Learned a level 3 spell: Dazzling Spray
  1774 | Sewer    | Found a white marble altar of Elyvilon.
  1951 | D:3      | Found an iron altar of Okawaru.
  2057 | D:4      | Reached skill level 1 in Conjurations
  2201 | D:4      | Noticed Robin
  2222 | D:4      | Killed Robin
  2368 | D:5      | Entered Level 5 of the Dungeon
  2472 | D:4      | Noticed Edmund
  2792 | D:4      | Reached XP level 7. HP: 41/41 MP: 6/10
  2810 | D:4      | Learned a level 3 spell: Tukima's Dance
  2825 | D:5      | Noticed Menkaure
  2839 | D:5      | Killed Menkaure
  2893 | D:5      | Noticed Blork the orc
  2925 | D:5      | Killed Blork the orc
  2944 | D:5      | Got a translucent spear
  3203 | D:7      | Reached XP level 8. HP: 46/46 MP: 8/14
  3215 | D:7      | Learned a level 3 spell: Confuse
  3222 | D:7      | Found a sand-covered staircase.
  3300 | Ossuary  | Entered an ossuary
  3301 | Ossuary  | Identified the +8 spear of Embarrassment {protect, *Rage
                  | rC+ MR+} (You found it on level 5 of the Dungeon)
  3968 | D:8      | Noticed a yak
  3989 | D:8      | Killed a yak
  4049 | D:8      | Found a bloodstained altar of Trog.
  4102 | D:8      | Noticed a hornet
  4122 | D:8      | Noticed Harold
  4229 | D:8      | Found a flagged portal.
  4250 | D:8      | Reached XP level 9. HP: 51/51 MP: 9/15
  4287 | Bailey   | Entered a bailey
  4345 | Bailey   | Reached skill level 10 in Short Blades
  4746 | Bailey   | Noticed an orc knight
  4841 | Bailey   | Gained mutation: You have sharp toenails. [potion of
                  | mutation]
  4947 | Bailey   | Killed an orc knight
  5464 | D:7      | Reached skill level 1 in Fighting
  5617 | D:7      | Found a staircase to the Ecumenical Temple.
  5633 | Temple   | Entered the Ecumenical Temple
  5646 | Temple   | Became a worshipper of Vehumet
  5780 | D:6      | Found an ancient bone altar of Kikubaaqudgha.
  5781 | D:6      | Found a snail-covered altar of Cheibriados.
  5781 | D:6      | Found a deep blue altar of Sif Muna.
  5781 | D:6      | Found a shattered altar of Ashenzari.
  5787 | D:6      | Found a basalt altar of Yredelemnul.
  5787 | D:6      | Found a hazy altar of Hepliaklqana.
  5955 | D:7      | Noticed Grinder
  5971 | D:7      | Killed Grinder
  6003 | D:8      | Reached XP level 10. HP: 63/64 MP: 5/16
  6049 | D:8      | Reached skill level 5 in Fighting
  6371 | D:8      | Reached skill level 1 in Evocations
  6559 | D:9      | Reached skill level 1 in Armour
  6655 | D:9      | Reached * piety under Vehumet
  6655 | D:9      | Offered knowledge of Magic Dart by Vehumet.
  6880 | D:9      | Learned a level 3 spell: Ozocubu's Armour
  6887 | D:10     | Entered Level 10 of the Dungeon
  7048 | D:11     | Learned a level 2 spell: Throw Frost
  7080 | D:11     | Reached skill level 1 in Ice Magic
  7219 | D:11     | Reached XP level 11. HP: 39/72 MP: 0/17
  7328 | D:11     | Noticed an elephant
  7387 | D:11     | Found a deep blue altar of Sif Muna.
  7452 | D:11     | Found a staircase to the Lair.
  7497 | D:11     | Found a staircase to the Orcish Mines.
  7667 | D:11     | Reached ** piety under Vehumet
  7667 | D:11     | Offered knowledge of Throw Flame by Vehumet.
  8324 | D:10     | Killed an elephant
  8542 | D:10     | Identified the cursed +0 leather armour "Harchail" {rC+}
  8667 | D:11     | Found a roughly hewn altar of Beogh.
  8742 | Orc:1    | Entered Level 1 of the Orcish Mines
  8829 | Orc:1    | Offered knowledge of Conjure Flame by Vehumet.
  8945 | Orc:1    | Reached *** piety under Vehumet
  8999 | D:11     | Noticed a five-headed hydra
  9066 | D:10     | Noticed an unseen horror
  9074 | D:10     | Killed an unseen horror
  9074 | D:10     | Reached skill level 5 in Spellcasting
  9310 | D:8      | Killed Harold
  9324 | D:8      | Identified a scroll of acquirement
  9660 | D:10     | Found a runed gate.
  9660 | D:10     | Found a runed gate.
  9661 | D:10     | Found a runed gate.
  9667 | D:10     | Noticed Patate's ghost (journeyman HOBe)
  9817 | D:11     | Offered knowledge of Ignite Poison by Vehumet.
  9878 | Lair:1   | Entered Level 1 of the Lair of Beasts
  9984 | Orc:1    | Noticed Nergalle
 10245 | D:12     | Noticed an unseen horror
 10253 | D:12     | Killed an unseen horror
 10388 | D:12     | Found an opulent altar of Gozag.
 10396 | D:12     | Learned a level 4 spell: Summon Ice Beast
 10455 | D:12     | Reached XP level 12. HP: 50/79 MP: 12/22
 10478 | D:12     | Lost mutation: You have sharp toenails. [potion of
                  | mutation]
 10479 | D:12     | Gained mutation: You expend magic power (3 MP) to
                  | strengthen your wands. [potion of mutation]
 10479 | D:12     | Gained mutation: You are resistant to electric shocks.
                  | (rElec) [potion of mutation]
 10530 | D:12     | Reached skill level 1 in Summonings
 10727 | D:13     | Noticed a centaur warrior
 10739 | D:13     | Killed a centaur warrior
 10765 | D:13     | Noticed a five-headed hydra
 10767 | D:13     | Found a glowing silver altar of Zin.
 10769 | D:13     | Found a hazy altar of Hepliaklqana.
 10769 | D:13     | Found a shimmering altar of Xom.
 10772 | D:13     | Found a shadowy altar of Dithmenos.
 10772 | D:13     | Found an opulent altar of Gozag.
 10772 | D:13     | Found a basalt altar of Yredelemnul.
 10901 | D:13     | Found a frozen archway.
 10920 | D:13     | Reached **** piety under Vehumet
 10972 | D:13     | Reached skill level 5 in Ice Magic
 10976 | D:13     | Offered knowledge of Fireball by Vehumet.
 11017 | IceCv    | Entered an ice cave
 11648 | IceCv    | Found the +18 shield of the Gong {rElec rN+ MR+ EV-5}
 11677 | IceCv    | Got an ancient quarterstaff
 11764 | D:13     | Paralysed by fainting for 12 turns
 11800 | D:13     | Paralysed by fainting for 10 turns
 11969 | D:14     | Found Iuppiahe's Incredible Inventory.
 11978 | D:14     | Bought a scroll of identify for 36 gold pieces
 12042 | D:15     | Entered Level 15 of the Dungeon
 12219 | D:15     | Reached skill level 5 in Evocations
 12224 | D:15     | Learned a level 3 spell: Regeneration
 12296 | D:15     | Got a sheer robe
 12307 | D:15     | Identified the +1 robe of Happy Babbling {Dex+4} (You found
                  | it on level 15 of the Dungeon)
 12352 | D:15     | Reached XP level 13. HP: 86/86 MP: 19/24
 12394 | D:14     | Noticed a four-headed hydra
 12403 | D:14     | vault
 12403 | D:14     | Killed a four-headed hydra
 12426 | D:14     | Learned a level 3 spell: Vampiric Draining
 12441 | D:14     | Reached skill level 1 in Necromancy
 12465 | D:14     | Reached ***** piety under Vehumet
 12465 | D:14     | Offered knowledge of Bolt of Cold by Vehumet.
 12521 | D:14     | Noticed a five-headed hydra
 12532 | D:14     | Killed a five-headed hydra
 12551 | D:14     | Found a shadowy altar of Dithmenos.
 12643 | D:12     | Reached skill level 1 in Throwing
 12725 | Orc:2    | Entered Level 2 of the Orcish Mines
 12778 | Orc:2    | Reached skill level 5 in Throwing
 13024 | Orc:2    | Found a staircase to the Elven Halls.
 13041 | Orc:2    | Found Ytiuziyp's General Store.
 13052 | Orc:2    | Bought a scroll of brand weapon for 320 gold pieces
 13052 | Orc:2    | Bought a scroll of immolation for 56 gold pieces
 13064 | Orc:2    | Found a roughly hewn altar of Beogh.
 14085 | Orc:2    | Offered knowledge of Iron Shot by Vehumet.
 14600 | Orc:2    | Found Goostrem's Weapon Shoppe.
 14610 | Orc:2    | Reached XP level 14. HP: 92/92 MP: 21/27
 14613 | Orc:2    | Found Ziebluwn's Magic Scroll Emporium.
 14616 | Orc:2    | Found Majiu's Armour Shoppe.
 14617 | Orc:2    | Found Qasch's Antique Weapon Shoppe.
 14777 | Orc:1    | Killed Nergalle
 14995 | Lair:3   | Reached skill level 10 in Spellcasting
 15122 | Lair:5   | Offered knowledge of Iskenderun's Battlesphere by Vehumet.
 15279 | Lair:5   | Found a dark tunnel.
 15297 | Lair:5   | Learned a level 5 spell: Iskenderun's Battlesphere
 15305 | Volcano  | Entered a volcano
 15420 | Volcano  | Found a radiant altar of Vehumet.
 15428 | Volcano  | Reached skill level 1 in Shields
 15448 | Volcano  | Noticed a red draconian
 15463 | Volcano  | Killed a red draconian
 15553 | Volcano  | Got a steaming robe
 15564 | Volcano  | Identified the cursed +1 robe of Disguise {rF+} (You found
                  | it in a volcano)
 15696 | Volcano  | Learned a level 1 spell: Animate Skeleton
 15784 | Lair:5   | Reached skill level 5 in Shields
 15835 | Lair:6   | Entered Level 6 of the Lair of Beasts
 16231 | Lair:6   | Offered knowledge of Lightning Bolt by Vehumet.
 16781 | Lair:6   | Reached XP level 15. HP: 82/103 MP: 12/29
 16944 | Lair:6   | Reached skill level 10 in Fighting
 17024 | Lair:6   | Lost mutation: You expend magic power (3 MP) to strengthen
                  | your wands. [potion of mutation]
 17024 | Lair:6   | Lost mutation: You are resistant to electric shocks.
                  | (rElec) [potion of mutation]
 17024 | Lair:6   | Gained mutation: You are dopey. (Int -2) [potion of
                  | mutation]
 17188 | Lair:6   | Found a large runed door.
 17188 | Lair:6   | Found a large runed door.
 17253 | Lair:6   | Got a bound lapis lazuli ring
 17255 | Lair:6   | Identified the ring "Nenucar" {Ice Str+4 Dex+2} (You found
                  | it on level 6 of the Lair of Beasts)
 17390 | Lair:4   | Reached ****** piety under Vehumet
 17703 | Lair:3   | Found a staircase to the Shoals.
 17829 | Lair:1   | Offered knowledge of Bolt of Fire by Vehumet.
 18002 | Orc:2    | Bought the +7 Spriggan's Knife {stab, EV+4 Stlth+} for 1844
                  | gold pieces
 18002 | Orc:2    | Found the +7 Spriggan's Knife {stab, EV+4 Stlth+}
 18234 | Shoals:1 | Entered Level 1 of the Shoals
 18235 | Shoals:1 | ohoho
 18329 | Shoals:1 | Reached skill level 5 in Stealth
 18559 | Shoals:2 | Got a dazzling long sword
 18560 | Shoals:2 | Identified the +8 long sword of Hoixzinn {holy, Fragile
                  | rPois rN+ MR++} (You found it on level 2 of the Shoals)
 18561 | Shoals:2 | :(
 18582 | Shoals:2 | Noticed Polyphemus
 19061 | Shoals:4 | Entered Level 4 of the Shoals
 19277 | Shoals:4 | Offered knowledge of Freezing Cloud by Vehumet.
 19282 | Shoals:4 | Reached XP level 16. HP: 86/112 MP: 22/31
 19300 | Shoals:4 | Learned a level 6 spell: Freezing Cloud
 19358 | Shoals:4 | Reached skill level 1 in Air Magic
 19385 | Shoals:4 | Reached skill level 2 in Air Magic
 19399 | Shoals:4 | Reached skill level 3 in Air Magic
 19544 | Shoals:4 | Reached skill level 4 in Air Magic
 19602 | Shoals:4 | Reached skill level 5 in Air Magic
 19761 | Shoals:4 | Reached skill level 6 in Air Magic
 19908 | Shoals:4 | Reached skill level 7 in Air Magic
 20020 | Shoals:4 | Got a barnacled rune of Zot
 20409 | Lair:4   | Noticed Nessos
 20431 | Lair:4   | Killed Nessos
 20431 | Lair:4   | Reached skill level 8 in Air Magic
 20966 | Lair:2   | Noticed Erica
 20975 | Lair:2   | Killed Erica
 21041 | Lair:2   | You fall through a shaft for 2 floors!
 21202 | Lair:2   | Found a hole to the Spider Nest.
 21236 | Spider:1 | Entered Level 1 of the Spider Nest
 21242 | Spider:1 | Reached skill level 9 in Air Magic
 21473 | Spider:1 | Offered knowledge of Conjure Ball Lightning by Vehumet.
 21480 | Spider:1 | Reached skill level 10 in Air Magic
 21794 | Spider:1 | Reached skill level 5 in Conjurations
 21794 | Spider:1 | Reached XP level 17. HP: 117/117 MP: 26/32
 22118 | Spider:4 | Entered Level 4 of the Spider Nest
 22290 | Spider:3 | Upgraded the game from 0.23-a0-494-g91793a9 to
                  | 0.23-a0-512-g50a8178
 22360 | Spider:3 | Offered knowledge of Glaciate by Vehumet.
 22360 | Spider:3 | Offered knowledge of Shatter by Vehumet.
 22360 | Spider:3 | Offered knowledge of Tornado by Vehumet.
 22821 | Spider:4 | Reached skill level 11 in Air Magic
 22964 | Spider:3 | Reached skill level 10 in Dodging
 23180 | Spider:4 | Noticed Arachne
 23189 | Spider:4 | Killed Arachne
 23874 | Spider:4 | Reached XP level 18. HP: 43/124 MP: 3/34
 24332 | Spider:4 | Got a gossamer rune of Zot
 24537 | D:11     | Learned a level 4 spell: Animate Dead
 24892 | Orc:2    | Bought a +2 cloak of magic resistance for 301 gold pieces
 25161 | D:14     | Found a gate to the Vaults.
 25215 | Vaults:1 | Entered Level 1 of the Vaults
 25292 | Vaults:1 | Found Citeilearr's Magic Scroll Shop.
 25311 | Vaults:1 | Bought a scroll of enchant armour for 157 gold pieces
 25382 | Vaults:1 | Found a magical portal.
 25391 | WizLab   | Entered Iskenderun's Mystic Tower
 25742 | WizLab   | Learned a level 4 spell: Iskenderun's Mystic Blast
 26489 | WizLab   | Reached skill level 10 in Throwing
 26818 | WizLab   | Learned a level 5 spell: Lee's Rapid Deconstruction
 27143 | WizLab   | Reached skill level 1 in Earth Magic
 27200 | WizLab   | Identified Iskenderun's Incunabulum of the Puffin
 27200 | WizLab   | Identified Iskenderun's Almanac of Conjuration
 27442 | Vaults:1 | Reached XP level 19. HP: 128/129 MP: 12/36
 27457 | Vaults:1 | Learned a level 6 spell: Deflect Missiles
 27588 | Vaults:1 | Reached skill level 5 in Earth Magic
 27833 | Vaults:1 | Found Abudoxuyc's Food Boutique.
 27856 | Vaults:2 | Reached skill level 1 in Charms
 28107 | Vaults:1 | Reached skill level 12 in Air Magic
 28201 | Vaults:2 | Found a staircase to the Crypt.
 28201 | Vaults:2 | Found a basalt altar of Yredelemnul.
 28202 | Vaults:2 | Found an ancient bone altar of Kikubaaqudgha.
 28326 | Vaults:2 | Reached skill level 13 in Air Magic
 28409 | Vaults:2 | Upgraded the game from 0.23-a0-512-g50a8178 to
                  | 0.23-a0-539-g3f6f39f
 28625 | Vaults:2 | Reached skill level 14 in Air Magic
 28769 | Vaults:3 | Reached skill level 15 in Air Magic
 29062 | Vaults:3 | Reached skill level 16 in Air Magic
 29079 | Vaults:3 | Found a ruined gateway.
 29095 | Desolati | Entered the Desolation of Salt
 29114 | Desolati | Reached XP level 20. HP: 135/135 MP: 33/37
 29245 | Desolati | Identified the ring "Wojaych" {rElec rF+ rC+ Str+4 Dex+3}
                  | (You found it in the Desolation of Salt)
 29474 | Desolati | Identified the +6 lajatang of Ciuguc {slice, +Blink +Rage
                  | +Fly Dex-3}
 29537 | Desolati | Identified the +1 robe of Ciemal {rC+ rCorr Dex-3} (You
                  | found it in the Desolation of Salt)
 29547 | Desolati | Identified the Tome of Hurtful Ignition
 29621 | Desolati | Learned a level 9 spell: Tornado
 29716 | Desolati | Learned a level 5 spell: Irradiate
 29719 | Desolati | Identified the Collected Works on Black Arts and Envenoming
 29800 | Desolati | Reached skill level 17 in Air Magic
 30354 | Vaults:5 | Entered Level 5 of the Vaults
 30354 | Vaults:5 | Noticed a tentacled monstrosity
 30358 | Vaults:5 | Noticed a lich
 30363 | Vaults:5 | Reached skill level 18 in Air Magic
 30364 | Vaults:5 | Reached XP level 21. HP: 103/140 MP: 39/39
 30387 | Vaults:5 | Killed a lich
 30421 | Vaults:5 | Reached skill level 19 in Air Magic
 30546 | Vaults:4 | Gained mutation: You have a somewhat thin skeletal
                  | structure. (Dex +2, Stealth) [mutagenic glow]
 30584 | Vaults:5 | Noticed a golden dragon
 30591 | Vaults:5 | Reached skill level 20 in Air Magic
 30714 | Vaults:5 | Killed a golden dragon
 30916 | Vaults:5 | HP: 3/210 [acid (15)]
 30916 | Vaults:5 | Killed from afar by a battlesphere

Vault maps used:
D:1:      shiori_arrival_whats_in_store_for_you
D:2:      marbit_many_paths, uniq_terence
D:3:      minmay_inner_zag, okawaru_ov_weapons_minmay, gup_sewer_entry_pipe,
          first_ration
D:4:      uniq_edmund, uniq_robin
D:5:      uniq_blork_the_orc, uniq_menkaure
D:6:      minmay_overflow_temple_hex, uniq_grinder
D:7:      minmay_temple_entry_purple_smoke, nicolae_ossuary_entry_ruins
D:8:      bloody_trog, enter_bailey_3, uniq_harold
D:9:      grunt_pizzeria, minmay_fractal_squares_gapless_5
D:10:     ebering_ghost_rock_garden, hangedman_decor_points
D:11:     david_lair_generic, minmay_orc_entry_temple_small, led_sif_book
D:12:     ploomutoo_gammafunk_ghost_potion_laboratory,
          nicolae_gozag_cash_rules_everything_around_me
D:13:     portal_ice_cave_entry_ice_beasts, doesnt_xom_only_xom
D:14:     lightli_vaults_fourway_checkpoint, grunt_dithmenos_shadows,
          glass_columns_a, nicolae_alphabet_shops
D:15:     gammafunk_enter_depths_forms
Temple:   nicolae_temple_god_jail
Lair:1:   cheibrodos_lair_lostbears, grunt_megastairs_3
Lair:2:   nicolae_spider_entry_orb_guardian, grunt_megastairs_1, uniq_erica
Lair:3:   minmay_shoals_entry_beasts, serial_bayou_shore_b, lemuel_fruit_fields,
          infiniplex_staircase_pool
Lair:4:   uniq_nessos
Lair:5:   minmay_slime_entry_pillars, lightli_volcano_entry_magma_tube,
          gammafunk_ghost_ooze, grunt_forest_large_clearings,
          minmay_lair_oklob_chamber
Lair:6:   cheibrodos_lair_end_hotspot, infiniplex_staircase_pool_2
Shoals:1: serial_shops, shop, st_shoals_ruin
Shoals:2: uniq_polyphemus
Shoals:4: shoals_end_simple
Spider:1: guppyfry_spider_mini_2
Spider:3: nicolae_spider_shape
Spider:4: johnstein_spider_rune_arachne_lair, hangedman_stitches_earthworm
Orc:1:    uniq_nergalle
Orc:2:    st_orc_pillars, basic_altar, serial_shops, shop
Vaults:1: nicolae_vaults_border_crossing, ontoclasm_vaults_ring_large,
          hangedman_vaults_nails, nicolae_vaults_mini_display_case,
          vaults_dpeg_doors, v_rooms_5, vaults_standard_mumra_enter_the_diamond,
          vaults_room_pools, v_alt_pattern_1, grunt_vaults_twisty,
          nicolae_vaults_little_squares_1, vaults_room_fancy_cross,
          serial_shops, shop_fountains, shop, mu_enter_wizlab_3
Vaults:2: v_alt_pattern_3, minmay_crypt_entry_necro_gods, vaults_room_hallway,
          nicolae_vaults_twisting_passages, ontoclasm_vaults_eye,
          vaults_dpeg_hooks, st_cells, vaults_room_semicircle,
          hangedman_vaults_nodes, v_alt_pattern_6, v_misc_5, vaults_room_grid,
          v_misc_26, serial_shops, bzr_entry_islet, uniq_jory
Vaults:3: v_misc_10, ontoclasm_vaults_shuriken, vaults_room_grid,
          hangedman_vaults_slice, nicolae_vaults_network_star,
          nicolae_vaults_network_square, vaults_mumra_hex, special_room_vaults,
          vaults_room_corners, vaults_dpeg_encased_lava,
          portal_desolation_entry_nicolae_nacl
Vaults:4: v_pattern_1, grunt_vaults_swirl, v_misc_19,
          hangedman_vaults_variations, vaults_room_door_ring, v_misc_3,
          nicolae_vaults_statue_guard, v_alt_pattern_6, ontoclasm_vaults_fault,
          nicolae_vaults_circle_grid_b, v_misc_23, ontoclasm_vaults_ring_large,
          v_misc_22, nicolae_vaults_sealed_display
Sewer:    sewer_kobolds
Ossuary:  ossuary_tomb_3
Bailey:   bailey_axe_2, bailey
IceCv:    ice_cave_tombish
Volcano:  volcano_lake
WizLab:   wizlab_iskenderun

Skill      XL: |  1  2  3  4  5  6  7  8  9 10 11 12 13 14 15 16 17 18 19 20 21 |
---------------+----------------------------------------------------------------+-----
Short Blades   | 2 3 4 5 6 9 10 | 10.0
Conjurations   | 2 3 5 6 |  6.0
Spellcasting   | 2 4 7 9 10 11 12 13 14 | 14.0
Dodging        | 7 9 12 | 12.2
Fighting       | 4 6 7 9 11 | 11.2
Evocations     | 2 5 |  5.1
Armour         | 3 |  3.5
Ice Magic      | 4 6 |  6.2
Summonings     | 4 |  4.0
Necromancy     | 4 |  4.3
Throwing       | 7 11 | 11.0
Shields        | 5 |  5.6
Stealth        | 8 |  8.2
Air Magic      | 10 11 16 18 20 | 20.6
Earth Magic    | 4 6 |  6.1
Charms         | 4 |  4.3
Polearms       | |  0.1
Hexes          | |  2.8

Action                   |  1- 3 |  4- 6 |  7- 9 | 10-12 | 13-15 | 16-18 | 19-21 || total
-------------------------+-------+-------+-------+-------+-------+-------+-------++-------
Melee: Dagger            |   110 |   312 |   366 |   879 |       |       |       ||  1667
       Spear             |       |       |    27 |       |       |       |       ||    27
       Quick blade       |       |       |       |   459 |   784 |       |       ||  1243
       Knife             |       |       |       |       |   115 |   610 |   644 ||  1369
Throw: Tomahawk          |       |       |     8 |    17 |       |     5 |     1 ||    31
       Throwing net      |       |       |       |       |       |     1 |       ||     1
 Cast: Corona            |    14 |     2 |     1 |     7 |       |       |       ||    24
       Ensorcelled Hiber |     6 |    28 |    47 |   135 |   208 |    95 |     6 ||   525
       Dazzling Spray    |       |     3 |    18 |    78 |   185 |   363 |   186 ||   833
       Confuse           |       |       |    11 |    30 |     7 |       |       ||    48
       Tukima's Dance    |       |       |     9 |     8 |       |       |       ||    17
       Ozocubu's Armour  |       |       |       |     3 |     4 |     2 |    12 ||    21
       Throw Frost       |       |       |       |     2 |     8 |       |       ||    10
       Summon Ice Beast  |       |       |       |    13 |    36 |    27 |    31 ||   107
       Vampiric Draining |       |       |       |       |    22 |    14 |    13 ||    49
       Regeneration      |       |       |       |       |    17 |    47 |    27 ||    91
       Iskenderun's Batt |       |       |       |       |     2 |       |       ||     2
       Freezing Cloud    |       |       |       |       |       |    10 |    28 ||    38
       Iskenderun's Myst |       |       |       |       |       |    33 |       ||    33
       Lee's Rapid Decon |       |       |       |       |       |    17 |     9 ||    26
       Deflect Missiles  |       |       |       |       |       |       |     5 ||     5
       Irradiate         |       |       |       |       |       |       |     8 ||     8
       Tornado           |       |       |       |       |       |       |     5 ||     5
       Animate Dead      |       |       |       |       |       |       |     1 ||     1
Evoke: Wand              |       |       |     7 |    28 |    18 |    12 |     1 ||    66
       Phial of floods   |       |       |       |     1 |     3 |     1 |     3 ||     8
       Lightning rod     |       |       |       |       |    14 |       |     4 ||    18
       Sack of spiders   |       |       |       |       |     1 |       |     1 ||     2
       Fan of gales      |       |       |       |       |       |     2 |     3 ||     5
       Lamp of fire      |       |       |       |       |       |       |     1 ||     1
  Use: Scroll            |       |     2 |    10 |    10 |    14 |    11 |    14 ||    61
       Potion            |       |     2 |     4 |     4 |     5 |     6 |    14 ||    35
 Stab: Sleeping          |     8 |    26 |    27 |    48 |   120 |   299 |   140 ||   668
       Distracted        |       |     1 |     1 |     7 |     3 |       |       ||    12
       Invisible         |       |     1 |     8 |    34 |    64 |       |       ||   107
       Paralysed         |       |       |     2 |     3 |       |       |       ||     5
       Confused          |       |       |     9 |    17 |     1 |       |       ||    27
  Eat: Chunk             |     1 |     7 |     8 |    23 |    28 |    29 |    26 ||   122
       Ration            |       |     2 |     5 |     3 |       |     2 |     2 ||    14
Armor: Robe              |    21 |    33 |    50 |   134 |     5 |       |       ||   243
       Skin              |       |       |     5 |    11 |       |       |       ||    16
       Troll leather arm |       |       |       |    25 |    86 |   109 |   111 ||   331
Dodge: Dodged            |    68 |   243 |   197 |   805 |   913 |  1011 |   941 ||  4178
       Deflected         |       |       |       |       |       |       |    22 ||    22
Block: Buckler           |       |       |       |       |   158 |   290 |   267 ||   715

Table legend:
 A = Non-vault XP
 B = Vault XP
 C = Vault XP percentage of total XP
 D = Non-vault monster count
 E = Vault monster count
 F = Vault count percentage of total count
                 A         B        C        D         E       F
            +---------+---------+-------+---------+---------+-------
      Total |  227028 |  267917 |  54.1 |     749 |     588 |  44.0
            +---------+---------+-------+---------+---------+-------
        D:1 |      43 |       0 |   0.0 |      23 |       0 |   0.0
        D:2 |      22 |      49 |  69.0 |      10 |       2 |  16.7
        D:3 |      50 |      36 |  41.9 |      18 |      15 |  45.5
        D:4 |     163 |      33 |  16.8 |      15 |      11 |  42.3
        D:5 |      21 |     256 |  92.4 |       3 |       2 |  40.0
        D:6 |     265 |       0 |   0.0 |       5 |       0 |   0.0
        D:7 |     649 |     295 |  31.2 |      17 |       1 |   5.6
        D:8 |    2654 |    1014 |  27.6 |      25 |       5 |  16.7
        D:9 |     836 |       0 |   0.0 |      19 |       0 |   0.0
       D:10 |    1706 |     473 |  21.7 |      13 |       1 |   7.1
       D:11 |    4122 |     634 |  13.3 |      30 |      13 |  30.2
       D:12 |    4984 |       0 |   0.0 |      17 |       0 |   0.0
       D:13 |    2639 |    1004 |  27.6 |      16 |       8 |  33.3
       D:14 |    8720 |    7764 |  47.1 |      28 |      13 |  31.7
       D:15 |    2987 |       0 |   0.0 |       9 |       0 |   0.0
     Lair:1 |     578 |    1421 |  71.1 |       3 |       5 |  62.5
     Lair:2 |    1908 |    2009 |  51.3 |       8 |       4 |  33.3
     Lair:3 |    4546 |     780 |  14.6 |      20 |       2 |   9.1
     Lair:4 |    2355 |    1380 |  36.9 |      10 |       1 |   9.1
     Lair:5 |    4329 |    2845 |  39.7 |      14 |      21 |  60.0
     Lair:6 |    8318 |    8712 |  51.2 |      35 |      26 |  42.6
   Shoals:1 |    7239 |    1819 |  20.1 |      14 |       2 |  12.5
   Shoals:2 |    3175 |       0 |   0.0 |       5 |       0 |   0.0
   Shoals:3 |    4166 |       0 |   0.0 |       9 |       0 |   0.0
   Shoals:4 |   11926 |   17477 |  59.4 |      26 |      32 |  55.2
   Spider:1 |   16768 |    1607 |   8.7 |      46 |       6 |  11.5
   Spider:2 |    5123 |       0 |   0.0 |      13 |       0 |   0.0
   Spider:3 |   18854 |    1991 |   9.6 |      57 |      10 |  14.9
   Spider:4 |   13987 |   22968 |  62.2 |      42 |      45 |  51.7
      Orc:1 |     503 |     930 |  64.9 |      19 |       2 |   9.5
      Orc:2 |    2761 |   10049 |  78.4 |      32 |      63 |  66.3
   Vaults:1 |   26017 |   14462 |  35.7 |      48 |      20 |  29.4
   Vaults:2 |   15027 |    6879 |  31.4 |      25 |      10 |  28.6
   Vaults:3 |   18860 |   10539 |  35.8 |      27 |      23 |  46.0
   Vaults:4 |    7791 |    9555 |  55.1 |      15 |       7 |  31.8
   Vaults:5 |   22936 |   71082 |  75.6 |      33 |      56 |  62.9
      Sewer |       0 |     133 | 100.0 |       0 |      13 | 100.0
    Ossuary |       0 |     157 | 100.0 |       0 |      15 | 100.0
     Bailey |       0 |     847 | 100.0 |       0 |      34 | 100.0
      IceCv |       0 |    2658 | 100.0 |       0 |       7 | 100.0
    Volcano |       0 |    3663 | 100.0 |       0 |      10 | 100.0
     WizLab |       0 |   25152 | 100.0 |       0 |      32 | 100.0
 Desolation |       0 |   37244 | 100.0 |       0 |      71 | 100.0
            +---------+---------+-------+---------+---------+-------
